 Dungeon Crawl Stone Soup version 0.29.1-1-gd02db6906a (webtiles) character file.

Game seed: 17543941364151338558

1536 JanusColdHeart the Gusty (level 8, -3/43 HPs)
             Began as a Tengu Air Elementalist on Oct 3, 2022.
             Slain by a sky beast (5 damage)
             ... on level 6 of the Dungeon.
             The game lasted 00:29:51 (7087 turns).

JanusColdHeart the Gusty (Tengu Air Elementalist)   Turns: 7087, Time: 00:29:51

Health: -3/43      AC:  3    Str:  8    XL:     8   Next: 86%
Magic:  8/16       EV: 16    Int: 18    God:
Gold:   240        SH:  5    Dex: 15    Spells: 14/17 levels left

rFire   . . .      SeeInvis .   x - +0 rapier
rCold   . . .      Faith    .   (no shield)
rNeg    . . .      Spirit   .   a - +1 robe
rPois   .          Reflect  +   (helmet restricted)
rElec   .          Harm     .   u - scarf {repulsion}
rCorr   .          Rampage  .   (no gloves)
Will    +....                   (boots unavailable)
Stlth   +++.......              c - amulet of reflection
HPRegen 0.14/turn               k - ring of willpower
MPRegen 0.15/turn               (no ring)

@: flying quickly and evasively, hasted, repel missiles, very quick
A: beak, talons 3, nimble flight
a: no special abilities


You were on level 6 of the Dungeon.
You visited 1 branch of the dungeon, and saw 6 of its levels.
You also visited: Sewer.

You collected 240 gold pieces.

Inventory:

Hand Weapons
 d - a +0 dagger
 p - a +0 short sword
 v - a +0 falchion
 x - a +0 rapier (weapon)
Missiles
 i - 3 throwing nets
Armour
 a - a +1 robe (worn)
 f - a +0 leather armour
 t - a +0 pair of gloves
 u - a scarf of repulsion (worn)
Magical Staves
 l - a staff of poison
Jewellery
 c - an amulet of reflection (around neck)
 k - a ring of willpower (left hand)
 r - a ring of fire
Wands
 s - a wand of flame (33)
Scrolls
 y - a scroll of fear
 z - a scroll of identify
Potions
 b - a potion of magic
 e - 2 potions of cancellation
 g - a potion of lignification {unknown}
 h - 2 potions of curing
 m - a potion of brilliance {unknown}
 n - a potion of invisibility {unknown}
 o - 2 potions of berserk rage
 q - 7 potions of flight
 w - 3 potions of mutation


   Skills:
 + Level 1.2 Fighting
 + Level 2.5 Short Blades
 + Level 4.0 Dodging
 + Level 4.0 Stealth
 + Level 1.8 Shields
 + Level 5.2 Spellcasting
 + Level 6.5 Conjurations
 + Level 7.7 Air Magic
 + Level 0.9 Evocations


You had 14 spell levels left.
You knew the following spells:

 Your Spells              Type           Power      Damage    Failure   Level
a - Shock                 Conj/Air       100%       1d9       1%          1
b - Static Discharge      Conj/Air       30%        3-7/arc   1%          2

Your spell library contained the following spells:

 Spells                   Type           Power      Damage    Failure   Level
 Swiftness                Air            32%        N/A       1%          3
 Mephitic Cloud           Conj/Pois/Air  21%        N/A       5%          3
 Airstrike                Air            16%        2d(3-19)  5%          4
 Stone Arrow              Conj/Erth      32%        3d9       11%         3
 Sandblast                Erth           8%         2d5       13%         1
 Passwall                 Tmut/Erth      3%         N/A       21%         2
 Ignite Poison            Fire/Tmut/Pois 4%         N/A       36%         3
 Freezing Cloud           Conj/Ice/Air   10%        6-21      45%         5


Dungeon Overview and Level Annotations

Branches:
Dungeon (6/15)              Sewer (visited)
 Temple: D:4-7

Altars:
Fedhas
Gozag
Nemelex Xobeh
Okawaru
Trog
Wu Jian
Yredelemnul
The Shining One

Shops:
D:5 [

Portals:
Abyss: D:5

Annotations:
D:5 2 transporters, testjoe123's ghost, weakling HOFi


Innate Abilities, Weirdness & Mutations

You have a beak for a mouth.
You have claws for feet.
Your magical nature lets you fly swiftly and evasively.


Message History

Confirm with . or Enter, or press ? or * to list all spells.
Aiming: Shock (safe; 1% risk of failure)
Press: ? - help, Shift-Dir - straight line The zap hits something.
The zap misses the ufetubus.
Something hits you but does no damage.
Casting: Shock (safe; 1% risk of failure)
Confirm with . or Enter, or press ? or * to list all spells.
You can't see any susceptible monsters within range! (Use Z to cast anyway.) Unknown command.
Casting: Shock (safe; 1% risk of failure)
Confirm with . or Enter, or press ? or * to list all spells.
Aiming: Shock (safe; 1% risk of failure)
Press: ? - help, Shift-Dir - straight line The zap hits something.
The zap hits the ufetubus.
The ufetubus is heavily wounded.
Something hits you. Something shocks you.
You closely miss something. Your kick misses something.
Your peck misses something. Something hits you. Something shocks you.
You hit something. Something hits you but does no damage.
You closely miss something. Your kick misses something. You peck something.
Something hits you. Something shocks you.
* * * LOW HITPOINT WARNING * * *
Casting: Shock (safe; 1% risk of failure)
Confirm with . or Enter, or press ? or * to list all spells.
Aiming: Shock (safe; 1% risk of failure)
Press: ? - help, Shift-Dir - straight line The zap hits something but does no damage.
The zap hits the ufetubus!
You kill the ufetubus!
Something hits you but does no damage.
You hit something. You claw something. Your peck misses something.
Something hits you.
* * * LOW HITPOINT WARNING * * *
Something shocks you.
* * * LOW HITPOINT WARNING * * *
You feel yourself speed up. Something hits you but does no damage.
You hit something. Your kick misses something. Something hits you.
* * * LOW HITPOINT WARNING * * *
Something shocks you.
You die...

...# ...# #.#.. ...# ..
#.# ##.#.####
...##.###.####.......#
...##................#
.(.##................#
.####......$.........#
...#.................#
.#..............@.[..#
.#.............##{####
......................
......................
..##..........###.#.....
............### .......
.....####..## ...)...
...... #..# ..K$...
...... #.... ...


There were no monsters in sight!

Vanquished Creatures
  2 ogres
  2 phantoms
  A kobold brigand (D:6)
  Blork the orc (D:5)
  A bullfrog (D:6)
  A necrophage (D:6)
  5 wights (D:6)
  A howler monkey (D:6)
  3 hounds
  2 orc priests (D:5)
  A jelly (D:6)
  A gnoll bouda (D:3)
  4 orc wizards
  4 gnolls
  13 adders
  3 river rats (Sewer)
  A shadow imp (D:5)
  2 white imps (D:6)
  3 ufetubi
  4 worms
  3 dart slugs
  16 orcs
  9 ball pythons
  4 endoplasms
  6 giant cockroaches
  11 goblins
  11 hobgoblins
  5 jackals
  2 quokkas
  12 bats
  9 frilled lizards
  5 kobolds
  5 rats
153 creatures vanquished.

Vanquished Creatures (others)
  2 fungi (D:6)
  16 plants
18 creatures vanquished.

Grand Total: 171 creatures vanquished

Notes
Turn   | Place    | Note
-------+----------+-------------------------------------------
     0 | D:1      | JanusColdHeart the Tengu Air Elementalist began the quest
                  | for the Orb.
     0 | D:1      | Reached XP level 1. HP: 10/10 MP: 4/4
   211 | D:1      | Reached XP level 2. HP: 15/15 MP: 3/6
   242 | D:1      | Learned a level 2 spell: Static Discharge
   459 | D:1      | Found a faded altar of an unknown god.
   816 | D:1      | Reached XP level 3. HP: 16/20 MP: 0/7
  1854 | D:2      | You fall into a shaft and drop 2 floors!
  2003 | D:3      | Reached XP level 4. HP: 22/24 MP: 4/9
  2839 | D:3      | Noticed an ogre
  3036 | D:4      | Reached skill level 5 in Air Magic
  3206 | D:4      | Gained mutation: Your magical nature lets you fly swiftly
                  | and evasively. [Tengu growth]
  3206 | D:4      | Reached XP level 5. HP: 28/28 MP: 7/10
  3444 | D:4      | Noticed a phantom
  3746 | D:4      | Killed a phantom
  3747 | D:4      | Reached XP level 6. HP: 28/33 MP: 4/12
  4243 | D:4      | Reached skill level 1 in Shields
  4300 | D:4      | Found an ornate altar of the Wu Jian Council.
  4309 | D:4      | Reached skill level 6 in Air Magic
  4535 | D:5      | Entered Level 5 of the Dungeon
  4541 | D:5      | Found a one-way gate to the infinite horrors of the Abyss.
  4541 | D:5      | Noticed a small abomination
  4541 | D:5      | Noticed testjoe123's ghost (weakling HOFi)
  4548 | D:5      | Found a transporter.
  4564 | D:5      | Found a transporter.
  4579 | D:5      | Reached XP level 7. HP: 16/37 MP: 3/14
  4608 | D:5      | Reached skill level 5 in Conjurations
  4732 | D:5      | Found a glowing drain.
  4741 | Sewer    | Entered a sewer
  5162 | Sewer    | Reached skill level 1 in Short Blades
  5591 | D:5      | Found Pitear's Armour Emporium.
  5739 | D:5      | Noticed Blork the orc
  5756 | D:5      | Reached skill level 1 in Fighting
  5756 | D:5      | Killed Blork the orc
  5757 | D:5      | Reached XP level 8. HP: 13/43 MP: 11/15
  6092 | D:5      | Found an opulent altar of Gozag.
  6093 | D:5      | Found a glowing golden altar of the Shining One.
  6095 | D:5      | Found a basalt altar of Yredelemnul.
  6095 | D:5      | Found a bloodstained altar of Trog.
  6097 | D:5      | Found a sparkling altar of Nemelex Xobeh.
  6098 | D:5      | Found an iron altar of Okawaru.
  6412 | D:6      | Reached skill level 7 in Air Magic
  6759 | D:6      | Found a blossoming altar of Fedhas.
  6820 | D:6      | Reached skill level 5 in Spellcasting
  7087 | D:6      | HP: 2/43 [something (4)]
  7087 | D:6      | Slain by a sky beast

Illustrated notes

Levels and vault maps discovered:
D:1:      zelgadis_glass_arrival_small, layout_basic,
          ebering_ecumenical_altar_mist, minmay_lizard_pond
D:2:      layout_rooms
D:3:      layout_rooms, serial_bayou_lake_a
D:4:      layout_loops_ring, nicolae_wu_jian_wuxing_cycle
D:5:      layout_basic, grunt_temple_overflow_open, cheibrodos_sewer_entry_bend,
          serial_shops, shop, gammafunk_ghost_abyssal_escape, uniq_blork_the_orc
D:6:      layout_rooms, fedhas_altar_3, minmay_temple_entry_mist,
          grunt_decor_mini_mirrors

Skill      XL: |  1  2  3  4  5  6  7  8 |
---------------+-------------------------+-----
Conjurations   | 2 4 5 6 |  6.5
Air Magic      | 5 6 7 |  7.7
Spellcasting   | 3 4 5 |  5.2
Shields        | 1 |  1.8
Dodging        | 3 4 |  4.0
Short Blades   | 2 |  2.5
Fighting       | 1 |  1.2
Stealth        | 3 4 |  4.0
Evocations     | |  0.9

Action                   |  1- 3 |  4- 6 |  7- 9 || total
-------------------------+-------+-------+-------++-------
Melee: Dagger            |    25 |    18 |       ||    43
       Kick              |     5 |     7 |    17 ||    29
       Peck              |       |     1 |    10 ||    11
       Rapier            |       |       |    84 ||    84
       Punch             |       |       |     3 ||     3
 Cast: Shock             |    50 |    64 |    53 ||   167
       Static Discharge  |     6 |    24 |    21 ||    51
Evoke: Wand              |       |       |    12 ||    12
  Use: Scroll            |     1 |     7 |     4 ||    12
       Potion            |       |       |     2 ||     2
 Stab: Sleeping          |     1 |     1 |     6 ||     8
       Distracted        |       |       |     1 ||     1
Armor: Robe              |     2 |     3 |    12 ||    17
Dodge: Dodged            |    16 |    19 |    50 ||    85
       Repelled          |       |     1 |     2 ||     3
Block: Other             |    10 |     9 |    20 ||    39
